 Dungeon Crawl Stone Soup version 0.31-a0-876-gfe8ebadbca (webtiles) character file.

Game seed: 12705192043060381002

36 randomguy2701 the Charlatan (level 3, -1/28 HPs)
             Began as a Gnoll Wanderer on Oct 14, 2023.
             Slain by a river rat (3 damage)
             ... on level 2 of the Dungeon.
             The game lasted 00:01:38 (701 turns).

randomguy2701 the Charlatan (Gnoll Wanderer)         Turns: 701, Time: 00:01:39

Health: -1/28      AC:  4    Str:  9    XL:     3   Next: 37%
Magic:  7/7        EV: 12    Int:  8    God:
Gold:   88         SH:  0    Dex: 18    Spells: 7/7 levels left

rFire   . . .        a - +0 sling
rCold   . . .        (no shield)
rNeg    . . .        e - +0 leather armour
rPois   .            (no helmet)
rElec   .            (no cloak)
rCorr   .            (no gloves)
SInv    .            c - +0 pair of boots
Will    .....        (no amulet)
Stlth   +++          (no ring)
HPRegen 0.24/turn    (no ring)
MPRegen 0.10/turn

%: no passive effects
@: no status effects
A: fangs 1, strong nose, distributed training
a: no special abilities


You were on level 2 of the Dungeon.
You visited 1 branch of the dungeon, and saw 2 of its levels.

You collected 88 gold pieces.

Inventory:

Hand Weapons
 a - a +0 sling (weapon)
Armour
 c - a +0 pair of boots (worn)
 e - a +0 leather armour (worn)
Jewellery
 i - a ring of positive energy
Wands
 b - a wand of polymorph (10) (quivered)
Scrolls
 f - a scroll of teleportation {unknown}
 h - a scroll of poison {unknown}
Potions
 d - a potion of heal wounds
 g - a potion of degeneration {unknown}
 j - a potion of curing {unknown}


   Skills:
 + Level 2.6 Fighting
 + Level 0.8 Short Blades
 + Level 0.8 Long Blades
 + Level 0.8 Axes
 + Level 0.8 Maces & Flails
 + Level 0.8 Polearms
 + Level 0.8 Staves
 + Level 4.5 Ranged Weapons
 + Level 0.8 Throwing
 + Level 0.8 Armour
 + Level 2.6 Dodging
 + Level 4.1 Stealth
 + Level 0.8 Shields
 + Level 0.8 Unarmed Combat
 + Level 2.8 Spellcasting
 + Level 0.5 Conjurations
 + Level 0.5 Hexes
 + Level 0.5 Summonings
 + Level 0.5 Necromancy
 + Level 0.5 Translocations
 + Level 0.5 Transmutations
 + Level 0.5 Fire Magic
 + Level 0.5 Ice Magic
 + Level 0.5 Air Magic
 + Level 0.5 Earth Magic
 + Level 0.5 Poison Magic
 + Level 1.0 Invocations
 + Level 6.5 Evocations
 + Level 0.7 Shapeshifting


You had 7 spell levels left.
You didn't know any spells.
Your spell library was empty.

Dungeon Overview and Level Annotations

Branches:
Dungeon (2/15)

Altars:


Innate Abilities, Weirdness & Mutations

You have very sharp teeth.
Your uncanny sense of smell can sniff out nearby items.
Your experience applies equally to all skills.


Message History

You don't know any spells.
Aiming: Polymorph
Press: ? - help, Q - select action, (/) - cycle Shift-Dir - straight line, f/p - river rat
Aim: a river rat (will become a jelly, an adder, or a swamp drake, chance to affect: 72%)
Okay, then.
Okay, then.
Fire: a) +0 sling
Press: ? - help, Shift-Dir - straight line, f/p - river rat
Aim: a river rat (58% to hit)
You shoot a sling bullet.
The sling bullet barely misses the river rat.
The river rat bites you.
Fire: a) +0 sling
Press: ? - help, Shift-Dir - straight line, f/p - river rat
Aim: a river rat (58% to hit)
You shoot a sling bullet.
The sling bullet barely misses the river rat.
The river rat bites you.
* * * LOW HITPOINT WARNING * * *
The river rat bites you.
* * * LOW HITPOINT WARNING * * *
Fire: a) +0 sling
Press: ? - help, Shift-Dir - straight line, f/p - river rat
Aim: a river rat (58% to hit)
You shoot a sling bullet.
The sling bullet closely misses the river rat.
The river rat barely misses you.
Fire: a) +0 sling
Press: ? - help, Shift-Dir - straight line, f/p - river rat
Aim: a river rat (58% to hit)
You shoot a sling bullet.
The sling bullet barely misses the river rat.
The river rat barely misses you.
Fire: a) +0 sling
Press: ? - help, Shift-Dir - straight line, f/p - river rat
Aim: a river rat (58% to hit)
You shoot a sling bullet.
The sling bullet completely misses the river rat.
The river rat bites you.
You die...

....... ..... .....
..... ...). #'#.#
#.#r# #.#@# #
#.#.###.#.#
#.#........ ###
#####....##.##. #<#
#...........# #.#
#...........#
#.#######..........##
#.#..................
#.###.###.............


You could see a river rat.

Vanquished Creatures
  2 dart slugs (D:1)
  An endoplasm (D:1)
  A giant cockroach (D:1)
  A goblin (D:1)
  A hobgoblin (D:1)
  8 jackals (D:1)
  5 kobolds
  A quokka (D:1)
  3 ball pythons (D:1)
  3 bats (D:1)
  2 rats (D:1)
28 creatures vanquished.

Notes
Turn   | Place    | Note
-------+----------+-------------------------------------------
     0 | D:1      | randomguy2701 the Gnoll Wanderer began the quest for the
                  | Orb.
     0 | D:1      | randomguy2701 set off with the following items: a +0 sling,
                  | a wand of polymorph (13), a +0 pair of boots, a potion of
                  | heal wounds, a +0 leather armour.
     0 | D:1      | Reached XP level 1. HP: 17/17 MP: 4/4
    85 | D:1      | Reached XP level 2. HP: 19/23 MP: 5/5
   318 | D:1      | Reached XP level 3. HP: 28/28 MP: 7/7
   686 | D:2      | Reached skill level 1 in Invocations
   701 | D:2      | Slain by a river rat

Illustrated notes

Levels and vault maps discovered:
D:1:      dpeg_arrival_simpleton_a, layout_rooms
D:2:      layout_basic, uniq_sigmund

Skill      XL: |  1  2  3 |
---------------+----------+-----
Invocations    | 1 |  1.0
Fighting       | |  2.6
Short Blades   | |  0.8
Long Blades    | |  0.8
Axes           | |  0.8
Maces & Flails | |  0.8
Polearms       | |  0.8
Staves         | |  0.8
Ranged Weapons | |  4.5
Throwing       | |  0.8
Armour         | |  0.8
Dodging        | |  2.6
Stealth        | |  4.1
Shields        | |  0.8
Unarmed Combat | |  0.8
Spellcasting   | |  2.8
Conjurations   | |  0.5
Hexes          | |  0.5
Summonings     | |  0.5
Necromancy     | |  0.5
Translocations | |  0.5
Transmutations | |  0.5
Fire Magic     | |  0.5
Ice Magic      | |  0.5
Air Magic      | |  0.5
Earth Magic    | |  0.5
Poison Magic   | |  0.5
Evocations     | |  6.5
Shapeshifting  | |  0.7

Action                     || total
---------------------------++-------
   Fire: Sling             ||   102
  Evoke: Wand              ||     3
 Armour: Leather armour    ||    54
  Dodge: Dodged            ||    77

Table legend: (Time is in decaauts)
 A = Elapsed time spent in this place.
 B = Non-inter-level travel time spent in this place.
 C = Inter-level travel time spent in this place.
 D = Time resting spent in this place.
 E = Time spent auto-exploring this place.
 F = Levels seen in this place.
 G = Mean time per level.
                   A        B        C        D        E       F      G
               +--------+--------+--------+--------+--------+-----+--------+
         Total |    724 |    656 |     68 |      0 |    484 |   2 |  362.0 |
       Dungeon |    724 |    656 |     68 |      0 |    484 |   2 |  362.0 |
               +--------+--------+--------+--------+--------+-----+--------+

Top non-repeatable levels by time:
     D:1: 671 daAuts
     D:2: 53 daAuts
